 Dungeon Crawl Stone Soup version 0.16-a0-4111-gf762223 (webtiles) character file.

530 Gronka the Shield-Bearer (level 7, -5/54 HPs)
             Began as a Human Fighter on Feb 26, 2015.
             Slain by Prince Ribbit (11 damage)
             ... on level 6 of the Dungeon.
             The game lasted 00:14:40 (4262 turns).

Gronka the Shield-Bearer (Human Fighter)            Turns: 4262, Time: 00:14:40

Health: -5/54      AC:  8    Str: 18    XL:     7   Next: 48%
Magic:  7/7        EV:  9    Int:  8    God:
Gold:   258        SH: 10    Dex: 15    Spells: 0 memorised, 6 levels left

rFire  . . .     SeeInvis .     G - +3 flail
rCold  . . .     Clarity  .     b - +0 scale mail
rNeg   . . .     SustAb   +     c - +0 shield
rPois  .         Gourm    .     u - +0 helmet
rElec  .         Spirit   .     (no cloak)
rCorr  .         Warding  .     (no gloves)
rMut   .         Stasis   .     (no boots)
MR     .....                    g - amulet of regeneration
Stlth  ..........               B - ring of sustain abilities
                                r - +2 ring of dexterity

@: very slightly contaminated, not resistant to hostile enchantments, extremely
unstealthy
A: no striking features
a: no special abilities


You were on level 6 of the Dungeon.
You were not hungry.

You visited 1 branch of the dungeon, and saw 7 of its levels.
You also visited: Sewer.

You collected 258 gold pieces.

Inventory:

Hand weapons
 a - a +0 flail
 G - a +3 flail (weapon)
Armour
 b - a +0 scale mail (worn)
 c - a +0 shield (worn)
 u - a +0 helmet (worn)
 v - a +0 helmet
Jewellery
 g - an amulet of regeneration (around neck)
 r - a +2 ring of dexterity (left hand)
 B - a ring of sustain abilities (right hand)
Magical devices
 i - a wand of confusion (23)
Scrolls
 f - 3 scrolls of fog
 h - a scroll of enchant armour {unknown}
 j - 2 scrolls of blinking
 k - 2 scrolls of immolation {unknown}
 o - a scroll of remove curse {unknown}
 p - 3 scrolls of teleportation {unknown}
 y - 3 scrolls of magic mapping
 z - 4 scrolls of fear
 C - 2 scrolls of recharging {unknown}
Potions
 d - a potion of resistance {unknown}
 e - 2 potions of might
 l - 4 potions of agility
 m - 4 potions of haste {unknown}
 n - a potion of degeneration {unknown}
 s - 4 potions of brilliance
 t - 2 potions of flight
 x - 2 potions of mutation {unknown}
 A - a potion of poison {unknown}
 E - a potion of magic {unknown}
 H - a potion of cure mutation {unknown}
Comestibles
 D - 3 meat rations
 F - 5 fruits


   Skills:
 + Level 4.0 Fighting
 + Level 3.1 Maces & Flails
 + Level 4.5 Armour
 + Level 3.5 Dodging
 + Level 0.4 Stealth
 + Level 4.8 Shields


You had 6 spell levels left.
You didn't know any spells.

Dungeon Overview and Level Annotations

Branches:
Dungeon (7/15)
 Temple: D:4-7

Altars:
Ashenzari
Cheibriados
Kikubaaqudgha
Nemelex Xobeh
Qazlal
Trog
Yredelemnul

Shops:
D:4 [

Annotations:
D:6 Prince Ribbit


Message History

Prince Ribbit hits the wyvern zombie but does no damage.
You closely miss Prince Ribbit.
Prince Ribbit is lightly wounded.
Prince Ribbit hits you.
* * * LOW HITPOINT WARNING * * *
Blink to where?
Press: ? - help, Dir - move target cursor, p - Prince Ribbit You are very lightly contaminated with residual magic.
As you read the scroll of blinking, it crumbles to dust.
Read which item? (? for menu, Esc to quit)
As you read the scroll of fog, it crumbles to dust.
The scroll dissolves into smoke.
You block Prince Ribbit's attack. Prince Ribbit hits you!
* * * LOW HITPOINT WARNING * * *
You block the wyvern zombie's attack.
Prince Ribbit seems less confused.
The wyvern zombie closely misses you.
Prince Ribbit blinks!
Prince Ribbit blinks!
You block the wyvern zombie's attack. Prince Ribbit hits you!
You die...

### ## #§# .# #§#
#§# # #§###§# ..
#§§§§§# #. #§§§#Z#
#. ###§#@#
#.#####§#F#
###.#...#.#.#
#...+...#Z#.#
###.#.#...#.#.#
+.....>(..#.#.#
###.#.....#.#.#.#.##
#...............
#.(.........#.##


You could see Prince Ribbit and a wyvern zombie.

Vanquished Creatures
  A centaur (D:7)
  2 crimson imps (D:5)
  2 orc wizards (D:3)
  A centaur skeleton (D:4)
  An orc priest (D:4)
  A jelly (D:5)
  Robin (D:2)
  9 adders
  A gnoll (D:1)
  6 worms
  3 giant geckos
  6 orcs
  A bat skeleton (D:4)
  18 goblins
  14 hobgoblins
  5 jackals
  11 kobolds
  2 quokkas (D:3)
  4 ball pythons
  9 bats
  3 giant cockroaches
  10 giant newts
  A quokka skeleton (D:4)
  3 rats
115 creatures vanquished.

Notes
Turn   | Place    | Note
--------------------------------------------------------------
     0 | D:1      | Gronka, the Human Fighter, began the quest for the Orb.
     0 | D:1      | Reached XP level 1. HP: 18/18 MP: 1/1
   122 | D:1      | Reached XP level 2. HP: 20/24 MP: 2/2
   383 | D:1      | Reached XP level 3. HP: 19/29 MP: 3/3
   503 | D:2      | Reached skill level 1 in Dodging
   637 | D:2      | Found a shattered altar of Ashenzari.
   645 | D:2      | Reached XP level 4. HP: 33/35 MP: 4/4
   757 | D:2      | Noticed Robin
   795 | D:2      | Killed Robin
  1007 | D:2      | Reached XP level 5. HP: 37/41 MP: 5/5
  1336 | D:3      | Found a sparkling altar of Nemelex Xobeh.
  1553 | D:3      | Reached skill level 4 in Shields
  1553 | D:3      | Reached XP level 6. HP: 16/47 MP: 6/6
  1673 | D:3      | Found a basalt altar of Yredelemnul.
  1702 | D:3      | Found a bloodstained altar of Trog.
  2072 | D:4      | Found an ancient bone altar of Kikubaaqudgha.
  2309 | D:4      | Found Schegh's Antique Armour Shop.
  2581 | D:5      | Entered Level 5 of the Dungeon
  2728 | D:5      | Reached XP level 7. HP: 50/53 MP: 7/7
  3040 | D:5      | Found a snail-covered altar of Cheibriados.
  3069 | D:5      | HP: 2/53 [goliath beetle (21)]
  3222 | D:5      | Found a glowing drain.
  3238 | Sewer    | Entered a sewer
  4004 | D:6      | Noticed Prince Ribbit
  4014 | D:6      | Found a stormy altar of Qazlal.
  4095 | D:6      | HP: 1/53 [wyvern zombie (11)]
  4262 | D:6      | Slain by Prince Ribbit

Action                   |  1- 3 |  4- 6 |  7- 9 || total
-------------------------+-------+-------+-------++-------
Melee: Flail             |    70 |   307 |   121 ||   498
Evoke: Wand              |       |       |     1 ||     1
  Use: Scroll            |       |     7 |     3 ||    10
       Potion            |       |     1 |     4 ||     5
  Eat: Bread ration      |       |     2 |     1 ||     3
       Pizza             |       |       |     1 ||     1
